Map: [ESL] Site Delta

Players

Stats - Winner!

  • Race: Protoss Protoss
  • Spawn Location: 11:00

Cure

  • Race: Terran Terran
  • Spawn Location: 5:00

Event: IEM Katowice 2024

VOD

Have the link to the VOD?

Description

Time

  • Played on: Feb. 10, 2024, 6:36 a.m.
  • Length: 20:00

All games in this series

Show
View Real Time Build Order
Export as new Build Order

Stats Protoss - Winner!

Build Orders: Phoenix Opening, Blink Stalkers, Carriers 

Get SALT Encoding   

  12  0:00  Probe  
  13  0:12  Probe  
  14  0:17  Pylon  
  14  0:24  Probe (Chrono Boost)  
  15  0:36  Gateway, Probe (Chrono Boost)  
  16  0:44  Probe (Chrono Boost)  
  16  0:45  Assimilator  
  17  0:51  Probe  
  18  1:03  Probe  
  19  1:17  Probe  
  20  1:25  Cybernetics Core  
  20  1:33  Probe  
  20  1:35  Pylon  
  21  1:44  Assimilator  
  21  1:46  Probe  
  22  1:58  Probe  
  23  2:06  Nexus  
  23  2:07  Stalker (Chrono Boost)  
  23  2:13  Probe  
  26  2:16  Warp Gate  
  26  2:26  Probe (Chrono Boost)  
  27  2:33  Sentry  
  29  2:38  Probe (Chrono Boost)  
  29  2:39  Pylon  
  30  2:45  Probe (Chrono Boost)  
  30  2:52  Shield Battery  
  30  2:54  Gateway  
  30  2:55  Probe  
  31  3:04  Stalker  
  31  3:05  Phoenix  
  33  3:07  Probe  
  34  3:15  Twilight Council  
  34  3:18  Probe (Chrono Boost)  
  35  3:21  Probe (Chrono Boost)  
  36  3:30  Probe (Chrono Boost)  
  36  3:32  Probe (Chrono Boost)  
  36  3:34  Gateway  
  38  3:36  Probe x2 (Chrono Boost)  
  40  3:46  Robotics Facility  
  40  3:49  Probe x2  
  40  3:51  Blink (Chrono Boost)  
  42  4:01  Probe x2  
  44  4:05  Stalker  
  44  4:07  Stalker  
  48  4:12  Pylon  
  48  4:14  Probe x2  
  50  4:18  Assimilator  
  50  4:21  Assimilator  
  50  4:28  Stalker x2  
  50  4:31  Probe  
  55  4:32  Probe  
  55  4:34  Observer  
  57  4:43  Pylon, Probe  
  57  4:44  Probe  
  59  4:49  Pylon  
  59  4:52  Stalker  
  61  5:02  Templar Archives  
  61  5:03  Gateway  
  61  5:04  Gateway  
  61  5:05  Probe  
  61  5:06  Probe  
  63  5:24  Nexus  
  63  5:28  Pylon  
  63  5:30  Probe  
  63  5:31  Probe  
  63  5:35  Forge  
  65  5:36  Pylon  
  65  5:40  Stalker  
  65  5:41  Psionic Storm  
  67  5:45  Charge  
  67  5:46  Probe x2  
  67  5:49  High Templar x2  
  73  5:50  Protoss Ground Weapons Level 1 (Chrono Boost)  
  73  5:58  Probe x2  
  73  6:02  Shield Battery  
  77  6:13  Zealot x2  
  77  6:18  Gateway  
  79  6:22  Zealot  
  79  6:23  Gateway  
  81  6:26  High Templar  
  81  6:27  Zealot  
  81  6:30  Probe x2  
  87  6:35  Photon Cannon  
  87  6:37  Probe  
  88  6:40  Photon Cannon  
  88  6:42  High Templar  
  90  6:48  Probe x2  
  90  6:49  Probe  
  93  7:01  Zealot x4  
  95  7:06  Gateway  
  95  7:07  Warp Prism (Chrono Boost), Robotics Bay  
  103  7:21  Protoss Ground Weapons Level 2 (Chrono Boost)  
  103  7:22  High Templar x2  
  105  7:23  Zealot  
  105  7:27  Pylon  
  105  7:29  Pylon  
  109  7:31  Pylon  
  109  7:45  Observer, Probe x3  
  109  7:50  Zealot x5  
  123  7:54  Assimilator x2  
  123  7:55  Zealot x2  
  123  7:57  Probe x3  
  130  8:09  Probe x3  
  133  8:13  Pylon  
  133  8:15  Pylon x2  
  133  8:19  Extended Thermal Lance  
  133  8:25  Shield Battery  
  133  8:26  Observer (Chrono Boost)  
  132  8:27  Nexus  
  132  8:28  Pylon  
  132  8:41  Colossus (Chrono Boost)  
  132  8:44  Pylon  
  132  8:48  Stalker x4  
  142  8:49  Zealot x2  
  142  8:52  Zealot x2  
  155  8:55  Probe x2  
  155  8:56  Probe  
  155  9:02  Pylon  
  157  9:03  Pylon  
  157  9:05  Stargate  
  157  9:21  Colossus  
  157  9:22  Shield Battery  
  157  9:23  Shield Battery  
  163  9:35  Zealot x3  
  163  9:36  Zealot x4  
  175  9:43  Zealot  
  177  9:50  Fleet Beacon  
  177  10:04  Stargate  
  177  10:05  Stargate  
  175  10:09  High Templar x2  
  175  10:10  Zealot x5  
  175  10:11  Zealot  
  191  10:14  Archon  
  185  10:28  Protoss Ground Armor Level 1  
  185  10:33  Cybernetics Core  
  185  10:34  Zealot x5  
  185  10:35  Zealot  
  195  10:51  Carrier (Chrono Boost)  
  195  10:55  Carrier (Chrono Boost)  
  199  11:05  Carrier (Chrono Boost)  
  199  11:08  Assimilator, Pylon  
  199  11:09  Assimilator  
  193  11:14  Stalker x2  
  193  11:15  Stalker  
  195  11:54  Carrier (Chrono Boost)  
  195  12:01  Carrier (Chrono Boost)  
  195  12:02  Protoss Air Weapons Level 1 (Chrono Boost)  
  195  12:03  Carrier (Chrono Boost)  
  195  12:06  Gateway  
  195  12:07  Gateway  
  199  12:09  Gateway  
  199  12:11  Mothership (Chrono Boost)  
  199  12:12  Gateway  
  199  12:21  Photon Cannon  
  199  12:22  Photon Cannon  
  185  12:27  Nexus  
  185  12:28  Pylon  
  179  12:34  Zealot x6  
  163  12:58  Nexus  
  163  12:59  Stalker x2  
  163  13:00  Pylon, Stalker x4  
  163  13:04  Pylon  
  177  13:08  Probe x2 (Chrono Boost)  
  177  13:13  High Templar x4  
  177  13:17  Archon x2  
  177  13:19  Probe x2 (Chrono Boost)  
  188  13:20  Probe  
  188  13:22  Probe  
  189  13:31  High Templar x2  
  189  13:33  High Templar x2  
  196  13:34  Stalker x2  
  196  13:40  Probe x2  
  200  13:44  Shield Battery  
  200  13:46  Photon Cannon  
  166  13:59  Observer  
  163  14:10  Zealot x8  
  163  14:11  Zealot x2  
  165  14:33  Archon  
  165  14:34  Stalker x6  
  165  14:35  Stalker x4  
  175  14:56  Archon, Protoss Ground Weapons Level 3 (Chrono Boost)  
  175  15:00  High Templar  
  175  15:01  High Templar  
  175  15:02  High Templar x2  
  183  15:09  Probe  
  183  15:10  Protoss Air Weapons Level 2 (Chrono Boost), Probe x4  
  183  15:12  Observer (Chrono Boost)  
  189  15:18  Photon Cannon  
  189  15:19  Zealot x2, Archon, Shield Battery  
  189  15:20  Zealot  
  189  15:23  Zealot x2  
  177  15:40  Assimilator  
  177  15:44  Assimilator  
  177  15:47  Shield Battery  
  177  15:49  Photon Cannon  
  167  15:51  Pylon  
  161  16:01  Zealot x10  
  181  16:05  Gateway  
  181  16:06  Gateway  
  181  16:29  Robotics Facility  
  180  16:35  High Templar x3  
  180  16:36  High Templar, Stalker x4  
  180  16:38  Observer  
  197  16:40  Pylon  
  197  16:43  Archon  
  197  16:44  Archon  
  194  16:56  Nexus  
  180  17:21  Immortal x2  
  181  17:27  High Templar x5, Stalker x2  
  181  17:28  Stalker x5  
  198  17:35  Archon  
  189  17:52  Assimilator  
  189  17:56  Assimilator  
  189  17:58  Pylon  
  189  18:01  Pylon  
  188  18:10  Archon  
  182  18:25  High Templar x5, Disruptor x2 (Chrono Boost)  
  196  18:29  Stalker  
  196  18:30  Stalker x3  
  190  19:07  Archon x2  
  190  19:12  Archon  
  184  19:17  Archon  
  184  19:18  Disruptor x2  
  184  19:20  Zealot x7  
  172  19:24  Zealot x3  
  172  19:25  Zealot x2  
  118  19:39  Stalker x4  
  118  19:40  Stalker x7  
  118  19:42  Stalker  
Show
View Real Time Build Order
Export as new Build Order

Cure Terran 

Build Orders:  

Get SALT Encoding   

  12  0:00  SCV  
  13  0:12  SCV  
  14  0:17  Supply Depot  
  14  0:24  SCV  
  15  0:28  Refinery  
  15  0:38  SCV  
  16  0:44  Barracks  
  16  0:50  SCV  
  17  1:03  SCV  
  18  1:06  Engineering Bay  
  18  1:15  SCV  
  19  1:32  Orbital Command, Marine  
  20  1:37  Factory  
  20  1:48  Engineering Bay  
  20  1:51  Barracks Reactor  
  19  1:58  SCV  
  20  2:08  Supply Depot  
  20  2:10  SCV  
  21  2:22  Hellion, Command Center  
  23  2:29  Marine  
  25  2:30  SCV  
  25  2:31  Marine  
  26  2:39  Starport  
  26  2:42  SCV  
  27  2:49  Supply Depot  
  27  2:52  Marine x2  
  27  2:56  SCV  
  30  3:00  Refinery  
  30  3:09  SCV  
  33  3:13  Marine x2  
  33  3:15  Medivac  
  33  3:19  Widow Mine  
  37  3:22  SCV  
  38  3:31  Marine  
  38  3:33  Marine  
  40  3:34  SCV  
  40  3:38  Orbital Command  
  41  3:41  Factory Tech Lab  
  41  3:46  Starport Tech Lab, SCV  
  42  3:50  Marine  
  42  3:51  Marine  
  44  4:00  SCV, Supply Depot  
  45  4:05  Siege Tank, SCV  
  49  4:16  SCV  
  49  4:17  SCV  
  53  4:22  Raven  
  53  4:23  Barracks  
  53  4:25  Supply Depot  
  53  4:28  SCV  
  53  4:29  SCV, Marine  
  53  4:31  Marine  
  56  4:37  Barracks  
  57  4:40  SCV  
  57  4:41  SCV  
  57  4:44  Siege Tank  
  62  4:48  Supply Depot  
  62  4:52  Refinery  
  62  4:54  SCV x2  
  64  5:04  Marine x2, Engineering Bay  
  64  5:06  SCV x2  
  68  5:18  SCV, Supply Depot  
  68  5:19  SCV  
  68  5:21  Stimpack, Marine  
  71  5:22  Starport Reactor  
  71  5:30  Factory Reactor  
  71  5:31  Terran Infantry Weapons Level 1, SCV x2  
  71  5:35  Refinery  
  73  5:42  Supply Depot  
  73  5:43  SCV x2  
  73  5:45  Marauder x2  
  73  5:46  Marine x2  
  81  5:55  Combat Shield, SCV x2  
  81  6:02  Supply Depot  
  81  6:04  Medivac  
  83  6:07  SCV x2  
  83  6:08  Marauder x2, Marine x2  
  91  6:18  Medivac  
  93  6:21  Command Center  
  93  6:28  Widow Mine  
  93  6:29  Missile Turret, Widow Mine  
  97  6:38  Supply Depot  
  97  6:41  Marine, Marauder x2, Supply Depot  
  102  6:51  Supply Depot  
  102  6:59  SCV  
  102  7:00  Widow Mine x2, SCV, Marine  
  108  7:06  Marauder x2, Marine  
  113  7:09  Concussive Shells, Medivac x2  
  113  7:11  SCV  
  113  7:13  SCV  
  119  7:16  Barracks  
  119  7:17  Marine  
  119  7:20  Barracks  
  120  7:23  SCV  
  120  7:25  SCV  
  120  7:26  Terran Infantry Armor Level 1  
  122  7:32  Marauder x2  
  122  7:34  Orbital Command  
  122  7:35  Ghost Academy  
  126  7:38  Marine x2  
  126  7:42  SCV x2  
  130  7:45  Medivac x2  
  130  7:47  Widow Mine  
  130  7:49  Widow Mine  
  130  7:50  Supply Depot  
  138  7:53  Supply Depot  
  138  7:54  SCV  
  138  7:55  SCV  
  140  8:01  SCV  
  140  8:04  Barracks Tech Lab  
  141  8:06  Supply Depot  
  141  8:07  Barracks Reactor  
  141  8:11  Ghost  
  141  8:12  Ghost  
  145  8:14  SCV x3  
  145  8:16  Refinery x2  
  145  8:18  Supply Depot  
  147  8:20  Widow Mine x2  
  147  8:25  Ghost  
  147  8:26  SCV x3  
  156  8:27  Marine x2  
  156  8:34  Bunker, Supply Depot  
  158  8:38  SCV x2  
  160  8:42  Ghost  
  160  8:47  SCV  
  160  8:48  Ghost  
  165  8:50  SCV  
  165  8:51  Marine x4  
  165  8:54  Supply Depot  
  170  9:03  Viking x2  
  170  9:07  Widow Mine x2  
  170  9:08  Ghost  
  170  9:09  Supply Depot  
  180  9:15  Armory  
  178  9:20  Marauder x2, Marine x4  
  186  9:24  Engineering Bay  
  186  9:27  Supply Depot  
  186  9:35  Supply Depot  
  186  9:37  Command Center, Marauder  
  188  9:46  Marauder, Marine x4  
  188  9:47  Marauder  
  196  9:55  Viking x2  
  188  10:24  Ghost x2, Marine x4  
  188  10:25  Marauder  
  195  10:28  SCV  
  195  10:29  SCV x2  
  195  10:30  Terran Infantry Weapons Level 2, Terran Infantry Armor Level 2  
  195  10:34  Viking  
  200  10:39  Terran Ship Weapons Level 1  
  200  10:41  Missile Turret  
  200  11:02  Barracks x3, Marauder  
  198  11:05  Missile Turret  
  198  11:09  Sensor Tower  
  196  11:29  Planetary Fortress  
  196  11:33  Command Center  
  196  11:34  Missile Turret  
  196  11:36  Starport  
  196  11:39  Fusion Core  
  190  11:48  Ghost x2  
  190  11:49  Marine x2  
  190  11:50  Marauder  
  197  11:59  Barracks Tech Lab x2  
  197  12:01  Barracks Reactor  
  193  12:03  Viking x2  
  193  12:06  SCV x3, Refinery x2  
  193  12:07  Command Center  
  194  12:13  Sensor Tower  
  194  12:14  Fusion Core  
  194  12:20  Ghost x3  
  194  12:21  Marine x2  
  196  12:36  Marauder, Marine x3  
  197  12:39  Marine  
  197  12:40  Viking  
  197  12:41  Viking x3  
  190  12:49  Marauder  
  176  12:58  Ghost x2  
  173  12:59  Marine x6  
  173  13:00  Terran Infantry Weapons Level 3  
  173  13:01  Terran Infantry Armor Level 3  
  183  13:14  Viking x4  
  183  13:19  Marine x3  
  194  13:22  Orbital Command  
  194  13:23  Refinery  
  194  13:29  Marine  
  194  13:30  Marauder  
  197  13:41  Refinery  
  197  13:43  Missile Turret  
  197  13:44  Viking  
  197  13:46  Missile Turret  
  189  13:54  Ghost x2, Marine x4  
  189  13:55  Marauder x2  
  173  13:58  Ghost, Marine  
  157  14:16  Ghost, Marine x6  
  164  14:17  Marauder  
  164  14:23  Marauder, Marine  
  167  14:27  Marauder  
  162  14:34  Marine x6  
  162  14:37  Ghost  
  159  14:41  Marauder  
  159  14:44  Marine x2  
  163  14:48  Marine  
  163  14:52  Viking x2, Marine x5  
  173  14:59  Viking  
  175  15:04  Terran Ship Weapons Level 2  
  175  15:08  Marauder  
  177  15:16  Ghost  
  177  15:18  Marine  
  178  15:31  Marauder x2, Marine x4  
  179  15:45  Ghost x2  
  179  15:46  Marauder, Marine x2  
  179  15:49  Orbital Command  
  176  15:51  Marine x3  
  176  15:53  Marauder  
  178  15:58  Medivac  
  178  15:59  Medivac  
  182  16:08  Medivac x2  
  186  16:13  Missile Turret  
  186  16:20  Marine x3  
  189  16:28  Medivac  
  189  16:29  Medivac  
  189  16:32  Marauder, Marine x5  
  200  16:42  Command Center  
  198  16:56  Neosteel Armor  
  198  16:57  Hi-Sec Auto Tracking  
  198  17:10  Marine x2  
  184  17:16  Viking x3  
  184  17:17  Ghost x2  
  187  17:30  Supply Depot  
  187  17:32  Supply Depot x2  
  182  17:42  Liberator  
  168  18:02  Orbital Command  
  142  19:18  Marine x2  
  142  19:20  Viking x2  

Tags
 
Add a new tag
Caveats
  • Supply blocks, unpowered buildings, or Contaminate may cause inaccurate times.
  • Supply counts are checked every 10 seconds.